 Dungeon Crawl Stone Soup version 0.14.0-26-g1682e81 (webtiles) character file.

294 RogerD the Firebug (level 4, -1/30 HPs)
             Began as a Demonspawn Fire Elementalist on Apr 27, 2014.
             Was a Plaything of Xom.
             Slain by Duvessa
             ... wielding a +3,+3 short sword of protection
              (11 damage)
             ... on Level 4 of the Dungeon.
             The game lasted 00:25:50 (2617 turns).

RogerD the Firebug (Demonspawn Fire Elementalist)   Turns: 2617, Time: 00:25:50

HP  -1/30        AC  3     Str  8      XL: 4   Next: 89%
MP   2/9         EV 11     Int 17      God: Xom
Gold 164         SH  0     Dex 14      Spells:  2 memorised,  6 levels left

rFire  . . .     SeeInvis .     (no weapon)
rCold  . . .     Clarity  .     d - +0 leather armour
rNeg   . . .     Conserve .     (no shield)
rPois  .         rCorr    .     (helmet restricted)
rElec  .         rRot     .     (no cloak)
SustAb . .       Spirit   .     (no gloves)
rMut   .         Warding  .     (no boots)
Saprov . . .     Stasis   .     (no amulet)
MR     .....                    (no ring)
                                (no ring)

@: lethally poisoned, very slightly contaminated, not resistant to hostile
enchantments, fairly stealthy
A: horns 2
a: Renounce Religion


You were on level 4 of the Dungeon.
You worshipped Xom.
You were a beloved toy of Xom.
You were not hungry.

You visited 1 branch of the dungeon, and saw 4 of its levels.

You collected 164 gold pieces.

Inventory:

Missiles
 j - 15 poisoned needles (quivered)
Armour
 a - a +0 robe
 d - a +0 leather armour (worn)
Magical devices
 n - a wand of random effects (3)
Comestibles
 c - 3 bread rations
Scrolls
 e - 2 scrolls of identify {unknown}
 f - a scroll of amnesia {unknown}
 g - 3 scrolls of remove curse {unknown}
 i - 2 scrolls of blinking {unknown}
 k - a scroll of teleportation {unknown}
 m - a scroll of fog {unknown}
 r - a scroll of enchant armour {unknown}
Potions
 h - a potion of heal wounds {unknown}
 l - a potion of curing
 o - a potion of agility {unknown}
 p - a potion of berserk rage {unknown}
 q - a potion of haste {unknown}
Books
 b - a book of Flames

   Spells                             Type                      Level
   *Flame Tongue                      Conjuration/Fire             1
   *Throw Flame                       Conjuration/Fire             2
   Conjure Flame                      Conjuration/Fire             3
   Inner Flame                        Hexes/Fire                   3
   Sticky Flame                       Conjuration/Fire             4
   Fireball                           Conjuration/Fire             5


   Skills:
 - Level 1.1 Armour
 - Level 2.4 Dodging
 + Level 2.0 Stealth
 - Level 0.3 Unarmed Combat
 + Level 3.0 Spellcasting
 + Level 2.0 Conjurations
 + Level 3.3 Fire Magic


You had 6 spell levels left.
You knew the following spells:

 Your Spells              Type           Power        Failure   Level  Hunger
a - Flame Tongue          Conj/Fire      ##...        10%         1    None
b - Throw Flame           Conj/Fire      ##....       12%         2    ##.....


Dungeon Overview and Level Annotations

Branches:
Dungeon (4/15)
 Temple: D:4-7

Altars:
Elyvilon
Fedhas
Xom
Yredelemnul

Annotations:
D:4 Dowan, Duvessa


Innate Abilities, Weirdness & Mutations

You have a pair of horns on your head.


Message History

Confirm with . or Enter, or press ? or * to list all spells.
Aiming: Flame Tongue
Press: ? - help, Shift-Dir - straight line, f/p - worker ant
Aim: a worker ant (almost dead)
You miscast Flame Tongue.
You are very lightly contaminated with residual magic.
Sparks fly from your hands! The worker ant bites you.
You are poisoned.
The worker ant poisons you! Duvessa hits you but does no damage.
Casting: Flame Tongue
Confirm with . or Enter, or press ? or * to list all spells.
Aiming: Flame Tongue
Press: ? - help, Shift-Dir - straight line, f/p - worker ant
Aim: a worker ant (almost dead)
The flame tongue hits the worker ant.
The worker ant appears unharmed.
The worker ant is almost dead.
You feel sick. The worker ant bites you.
Duvessa hits you with a runed short sword!
You die...
Xom titters!

# #.ยง. # . . .. . ..
#.#.###. ..# #.#.#..
#.## #.....# ####...###
####.....# #.........
.....h....###e.....####
........$..).@<........
.#####......a.........#
########(........
####...### ..... ...##
###


You could see Duvessa, a hound and a worker ant.

Vanquished Creatures
  7 adders
  2 giant geckos (D:2)
  5 orcs (D:3)
  2 giant cockroaches (D:3)
  8 goblins
  7 hobgoblins
  9 jackals
  5 kobolds
  5 bats
  4 giant newts
  7 rats
61 creatures vanquished.

Vanquished Creatures (collateral kills)
  An orc (D:3)
1 creature vanquished.

Grand Total: 62 creatures vanquished

Notes
Turn   | Place    | Note
--------------------------------------------------------------
     0 | D:1      | RogerD, the Demonspawn Fire Elementalist, began the quest for the Orb.
     0 | D:1      | Reached XP level 1. HP: 13/13 MP: 3/3
   152 | D:1      | Gained mutation: You have a pair of small horns on your head. [demonic ancestry]
   152 | D:1      | Reached XP level 2. HP: 8/19 MP: 0/4
   174 | D:1      | Learned a level 2 spell: Throw Flame
   575 | D:2      | Found a white marble altar of Elyvilon.
   876 | D:2      | Reached XP level 3. HP: 21/24 MP: 4/6
   934 | D:2      | Reached skill level 3 in Fire Magic
  1396 | D:2      | Found a shimmering altar of Xom.
  1404 | D:2      | Became a worshipper of Xom of Chaos
  1436 | D:2      | XOM is BORED!
  1436 | D:2      | XOM: harmless Fire miscast
  1602 | D:2      | Reached skill level 1 in Armour
  1602 | D:2      | Gained mutation: You have a pair of horns on your head. [demonic ancestry]
  1602 | D:2      | Reached XP level 4. HP: 30/30 MP: 2/8
  1606 | D:2      | Found a basalt altar of Yredelemnul.
  1699 | D:3      | XOM: noise
  1710 | D:3      | XOM: enchant monster (bad)
  1938 | D:3      | Found a blossoming altar of Fedhas.
  2224 | D:3      | XOM is BORED!
  2224 | D:3      | XOM: confusion (+ monsters)
  2235 | D:3      | XOM: inner flame monster(s)
  2596 | D:3      | XOM: harmless Necr miscast
  2604 | D:4      | Noticed Duvessa
  2607 | D:4      | Noticed Dowan
  2617 | D:4      | Slain by Duvessa

Action                   |  1- 3 |  4- 6 || total
-------------------------+-------+-------++-------
Melee: Unarmed           |    60 |    16 ||    76
 Cast: Flame Tongue      |    55 |    62 ||   117
       Throw Flame       |     3 |       ||     3
Evoke: Wand              |       |     2 ||     2
  Use: Potion            |     1 |       ||     1
